 Dungeon Crawl Stone Soup version 0.30-a0-1160-g6e42c06551 (webtiles) character file.

Game seed: 14545780974975467325

77 Newt the Trooper (level 4, -3/37 HPs)
             Began as a Demonspawn Gladiator on Apr 26, 2023.
             Slain by a gnoll
             ... wielding a +0 whip
              (8 damage)
             ... on level 2 of the Dungeon.
             The game lasted 00:01:35 (1276 turns).

Newt the Trooper (Demonspawn Gladiator)             Turns: 1276, Time: 00:01:36

Health: -3/37      AC:  3    Str: 17    XL:     4   Next: 13%
Magic:  4/4        EV: 12    Int:  9    God:
Gold:   77         SH:  0    Dex: 14    Spells: 3/3 levels left

rFire   . . .        a - +0 rapier
rCold   . . .        (no shield)
rNeg    . . .        b - +0 leather armour
rPois   .            (helmet restricted)
rElec   .            (no cloak)
rCorr   .            (no gloves)
SInv    .            (no boots)
Will    .....        (no amulet)
Stlth   +            (no ring)
HPRegen 0.26/turn    (no ring)
MPRegen 0.09/turn

%: no passive effects
@: no status effects
A: antennae 2
a: no special abilities


You were on level 2 of the Dungeon.
You visited 1 branch of the dungeon, and saw 2 of its levels.

You collected 77 gold pieces.

Inventory:

Hand Weapons
 a - a +0 rapier (weapon)
Armour
 b - a +0 leather armour (worn)
 c - a +0 helmet
Scrolls
 f - a scroll of magic mapping
Potions
 g - 2 potions of magic


   Skills:
 - Level 4.0 Fighting
 - Level 2.6 Short Blades
 + Level 2.5 Throwing
 - Level 2.6 Dodging


You had 3 spell levels left.
You didn't know any spells.
Your spell library was empty.

Dungeon Overview and Level Annotations

Branches:
Dungeon (2/15)

Altars:


Innate Abilities, Weirdness & Mutations

You have a pair of antennae on your head.


Message History

The bat closely misses you.
You hit the bat.
You kill the bat!
A rat comes into view.
You hit the gnoll.
The gnoll is lightly wounded.
The gnoll hits you with a +0 whip.
You hit the gnoll.
The gnoll is severely wounded.
The gnoll hits you with a +0 whip.
You completely miss the gnoll.
The gnoll is severely wounded.
The gnoll hits you but does no damage.
Okay, then.
You hit the gnoll.
The gnoll is almost dead.
The gnoll closely misses you.
You barely miss the gnoll.
The gnoll is almost dead.
The gnoll hits you with a +0 whip!
You closely miss the gnoll.
The gnoll is almost dead.
The rat bites you but does no damage. The gnoll hits you with a +0 whip.
* * * LOW HITPOINT WARNING * * *
Throw: throwing net
Press: ? - help, Q - select action Shift-Dir - straight line, f - rat
Aim: a rat (62% to hit)
You throw a throwing net. The throwing net hits the rat.
The rat is caught in the net!
The gnoll closely misses you.
The rat struggles against the net.
You hit the gnoll but do no damage. You punch the gnoll.
The gnoll is almost dead.
The rat struggles against the net.
The gnoll hits you with a +0 whip.
* * * LOW HITPOINT WARNING * * *
Unknown command.
Okay, then.
You hit the gnoll.
The gnoll is almost dead.
The rat struggles against the net.
The gnoll hits you with a +0 whip!
You die...

******##.#........... *********
#,,,,,..#..#####.#### *,,,,,,,*
#.****#.##.#####..#,,
*,,,,,,,*##.#####.##.......##,*
*,,,,,,,,......##.##.####.##*,*
***,*,,,,,,,.....##.##)###..#**,*
*,,,,,,***,,,**#...†..........,,,
*,**,*,*,*,,,*{#.).##..#.##.##,,,
*,**,,,***,,,**#@.###..(## *,,,
*,*,,,,,,......gr##*#..##* *,,,
*,*,*,,,,.._.....#*,....,* *,,,
*,*,*,,,,.........,,...#.*****,<,
***,**,**#...###.#*.#..#..,,,,,,,
*,,*,*,#...#G#.#*,#...,..,,,,,,
**,,,**#...###.#*,,,,,,,>,,,,,,
*,,,,,....,,..#*,**,,,***,*,,,
*,***,****,,,,,,,,,,,,* *,*,,,


You could see an eye of devastation, a gnoll and a rat (caught).

Vanquished Creatures
  Terence (D:2)
  An adder (D:2)
  A dart slug (D:1)
  5 bats
  An endoplasm (D:1)
  A giant cockroach (D:1)
  3 goblins
  6 hobgoblins
  5 jackals (D:1)
  3 kobolds (D:1)
  2 quokkas
  4 ball pythons
  2 frilled lizards (D:2)
  4 rats
39 creatures vanquished.

Notes
Turn   | Place    | Note
-------+----------+-------------------------------------------
     0 | D:1      | Newt the Demonspawn Gladiator began the quest for the Orb.
     0 | D:1      | Reached XP level 1. HP: 16/16 MP: 1/1
     6 | D:1      | Noticed a basilisk
     6 | D:1      | Noticed a tyrant leech
     6 | D:1      | Noticed a ragged hierophant
     7 | D:1      | Noticed a stone giant
    67 | D:1      | Discovered your monstrous ancestry.
    67 | D:1      | Gained mutation: You have a pair of small antennae on your
                  | head. [demonic ancestry]
    67 | D:1      | Reached XP level 2. HP: 23/23 MP: 2/2
   113 | D:1      | Reached skill level 3 in Fighting
   404 | D:1      | Gained mutation: You have a pair of antennae on your head.
                  | [demonic ancestry]
   404 | D:1      | Reached XP level 3. HP: 25/29 MP: 3/3
   875 | D:2      | Noticed Terence
  1226 | D:2      | Killed Terence
  1227 | D:2      | Reached skill level 4 in Fighting
  1227 | D:2      | Reached XP level 4. HP: 23/37 MP: 4/4
  1261 | D:2      | Noticed an eye of devastation
  1262 | D:2      | Found a faded altar of an unknown god.
  1276 | D:2      | Slain by a gnoll

Illustrated notes

Levels and vault maps discovered:
D:1:      onia_arrival_zoo_common, layout_rooms, minivault_4
D:2:      kennysheep_six_static_rooms, layout_loops_cross,
          hellmonk_ecumenical_altar_watching_god, serial_forest,
          infiniplex_forest_clump_tiny, infiniplex_forest_clump_long,
          infiniplex_forest_straight_1, infiniplex_forest_lined_room_,
          minmay_pentomino_t4, uniq_jessica, uniq_terence

Skill      XL: |  1  2  3 |
---------------+----------+-----
Fighting       | 3 4 |  4.0
Throwing       | 2 |  2.5
Short Blades   | |  2.6
Dodging        | |  2.6

Action                     |  1- 3 |  4- 6 || total
---------------------------+-------+-------++-------
  Melee: Rapier            |   137 |    21 ||   158
         Punch             |     2 |     1 ||     3
  Throw: Throwing net      |     4 |     1 ||     5
         Javelin           |     1 |       ||     1
    Use: Scroll            |     5 |       ||     5
   Stab: Sleeping          |     1 |       ||     1
 Armour: Leather armour    |    37 |     6 ||    43
  Dodge: Dodged            |    83 |    11 ||    94

Table legend: (Time is in decaauts)
 A = Elapsed time spent in this place.
 B = Non-inter-level travel time spent in this place.
 C = Inter-level travel time spent in this place.
 D = Time resting spent in this place.
 E = Time spent auto-exploring this place.
 F = Levels seen in this place.
 G = Mean time per level.
                   A        B        C        D        E       F      G
               +--------+--------+--------+--------+--------+-----+--------+
         Total |   1287 |   1277 |     10 |    394 |    595 |   2 |  643.5 |
       Dungeon |   1287 |   1277 |     10 |    394 |    595 |   2 |  643.5 |
               +--------+--------+--------+--------+--------+-----+--------+

Top non-repeatable levels by time:
     D:1: 981 daAuts
     D:2: 306 daAuts
